 Dungeon Crawl Stone Soup version 0.18-a0-1197-g8004e50 (webtiles) character file.

53 st0uf the Skirmisher (level 3, -3/34 HPs)
             Began as a Naga Fighter on Jan 30, 2016.
             Slain by a gnoll
             ... wielding a +0 spear
              (9 damage)
             ... on level 2 of the Dungeon.
             The game lasted 00:04:29 (1671 turns).

st0uf the Skirmisher (Naga Fighter)                 Turns: 1671, Time: 00:04:29

Health: -3/34      AC:  4    Str: 23    XL:     3   Next: 89%
Magic:  3/3        EV:  5    Int:  8    God:
Gold:   70         SH: 10    Dex: 15    Spells: 0 memorised, 2 levels left

rFire  . . .     SeeInvis +     a - +0 long sword
rCold  . . .     Gourm    .     b - +0 scale mail
rNeg   . . .     Faith    .     c - +0 shield
rPois  +         Spirit   .     (no helmet)
rElec  .         Dismiss  .     (no cloak)
rCorr  .         Reflect  .     (no gloves)
SustAt .         Harm     .     (no barding)
MR     .....                    (no amulet)
Stlth  ..........               p - +5 ring of strength
                                e - +4 ring of dexterity

@: short of breath, very slow, not resistant to hostile enchantments, extremely
unstealthy
A: see invisible, deformed body, poison resistance, slowness 2, slow metabolism
1, spit poison 2, AC +1
a: Spit Poison


You were on level 2 of the Dungeon.
You were not hungry.

You visited 1 branch of the dungeon, and saw 2 of its levels.

You collected 70 gold pieces.

Inventory:

Hand Weapons
 a - a +0 long sword (weapon)
Armour
 b - a +0 scale mail (worn)
 c - a +0 shield (worn)
Jewellery
 e - a +4 ring of dexterity (left hand)
 p - a +5 ring of strength (right hand)
Scrolls
 g - 2 scrolls of identify {unknown}
 i - a scroll of random uselessness {unknown}
 l - a scroll of enchant weapon {unknown}
 o - a scroll of remove curse {unknown}
 q - a scroll of magic mapping {unknown}
Potions
 d - a potion of might
 j - a potion of curing {unknown}
 k - a potion of invisibility {unknown}
 m - a potion of ambrosia {unknown}
 r - a potion of brilliance {unknown}
Comestibles
 f - 3 bread rations
 h - a slice of pizza
 n - a chunk of flesh


   Skills:
 + Level 3.3 Fighting
 + Level 2.1 Long Blades
 + Level 2.9 Armour
 + Level 0.2 Dodging
 + Level 3.0 Shields


You had 2 spell levels left.
You didn't know any spells.

Dungeon Overview and Level Annotations

Branches:
Dungeon (2/15)

Altars:


Innate Abilities, Weirdness & Mutations

You cannot wear boots.
Your serpentine skin is tough (AC +1).
You have supernaturally acute eyesight.
Armour fits poorly on your strangely shaped body.
Your system is resistant to poisons.
You cover ground very slowly.
You have a slow metabolism.
You can spit poison.


Message History

The gnoll hits you from afar with a spear.
You have got your breath back.
The gnoll looks more healthy.
Press: ? - help, Shift-Dir - straight line, f - gnoll, p - gnoll
Aim: a gnoll, wielding a spear The splash of poison hits the gnoll.
The gnoll appears unharmed.
You feel slightly more hungry.
The gnoll hits you from afar with a spear!
* * * LOW HITPOINT WARNING * * *
The gnoll barely misses you.
The gnoll hits you from afar with a spear.
* * * LOW HITPOINT WARNING * * *
You have got your breath back.
Press: ? - help, Shift-Dir - straight line, f/p - gnoll
Aim: a gnoll, wielding a spear The splash of poison hits the gnoll.
The gnoll is poisoned.
The gnoll is moderately wounded.
You feel slightly more hungry.
The gnoll hits you from afar with a spear!
You die...

#<# #.# #.# #.# #.# ##########
#################.# #........#
#.................#
#........#####.#################.
#.........>.....@.gg.......†)....
#........#####.##.rg........#.#..
#........# #.##÷#..######.#.#..
#........# #.##.##.# #.#.#..
#........# #.##.##.## #.#g#..
##'####### #.##.##..# #.#.#gg #.#
#.##.###.## #.#.#.. #.# #.##.#
#..# #.#.#.. #.# #.##.# ##.##


You could see 3 gnolls and a rat.

Vanquished Creatures
  A gnoll (D:2)
  An adder (D:2)
  A giant gecko (D:2)
  A giant cockroach (D:1)
  6 goblins
  5 hobgoblins
  4 jackals (D:1)
  2 kobolds (D:1)
  4 bats
  2 giant newts
  6 rats
33 creatures vanquished.

Notes
Turn   | Place    | Note
--------------------------------------------------------------
     0 | D:1      | st0uf the Naga Fighter began the quest for the Orb.
     0 | D:1      | Reached XP level 1. HP: 21/21 MP: 1/1
   185 | D:1      | Reached XP level 2. HP: 28/28 MP: 2/2
  1382 | D:2      | Reached XP level 3. HP: 34/34 MP: 3/3
  1671 | D:2      | Slain by a gnoll

Vault maps used:
D:1:      scummos_arrival_star

Action                   || total
-------------------------++-------
Melee: Long sword        ||    82
 Abil: Spit Poison       ||     9
  Eat: Chunk             ||     2
